AoeStats
← Ebrio

Black Forest

507847955Analyzed
4v4 RM · 13d ago on Sep 19, 2026· 56m 14s· 8 players
Game mode
Random Map
Map size
Large (8 player)
Population
200
Speed
Normal
Resources
Standard
Victory
Conquest
Starting age
Dark Age
Ending age
Imperial Age
RankedLock teamsTeams togetherTeam positionsShared explorationLock speedFull tech treeHidden civsTurbo modeCheats
Victory
Defeat
🇬🇷 Bohemians · Greece
878
+14
🇬🇷 Khmer · Greece
858
+15
🇬🇷 Japanese · Greece
853
+15
851
+15
🇦🇷 Persians · Argentina
906
-17
🇮🇩 Franks · Indonesia
850
-15
🇨🇴 Armenians · Colombia
808
-14
🇨🇳 Celts · China
793
-13
andreas7487
0:41 Loom
13:22 Feudal Age
15:23 Horse Collar
16:54 Double-Bit Axe
17:23 Stone Mining
19:59 Wheelbarrow
19:28 Gold Mining
24:56 Castle Age
28:55 Imperial Age
26:37 Pikeman
30:13 Hand Cart
30:03 Elite Ballista Elephant
31:22 Bow Saw
32:01 Heavy Plow
32:07 Elite Skirmisher
33:14 Caravan
33:47 Coinage
36:44 Banking
37:37 Heavy Scorpion
38:49 Forging
38:42 Tusk Swords
40:39 Double Crossbow
41:10 Ballistics
41:28 Halberdier
44:47 Siege Engineers
49:03 Chemistry
49:15 Iron Casting
51:39 Imperial Skirmisher
giannispolukandriotis.4
0:33 Loom
14:21 Feudal Age
25:39 Castle Age
23:35 Horse Collar
23:51 Double-Bit Axe
25:30 Gold Mining
25:34 Stone Mining
33:45 Heavy Plow
34:02 Bow Saw
35:44 Coinage
35:17 Caravan
36:16 Stone Shaft Mining
37:14 Wheelbarrow
38:15 Hand Cart
41:29 Imperial Age
38:48 Town Watch
40:16 Chatras
40:24 Scale Mail Armor
40:37 Forging
40:55 Ballistics
41:38 Elite Fire Lancer
42:26 Murder Holes
49:03 Chemistry
52:44 Elite Skirmisher
makispapadopoulos7
0:26 Loom
11:12 Feudal Age
16:14 Castle Age
14:09 Double-Bit Axe
15:55 Horse Collar
16:16 Gold Mining
23:47 Stone Mining
25:35 Bow Saw
25:58 Forging
26:39 Heavy Plow
27:42 Gold Shaft Mining
27:40 Caravan
28:40 Wheelbarrow
28:15 Town Watch
29:49 Arson
29:51 Gambesons
30:40 Squires
30:46 Scale Mail Armor
30:38 Fletching
32:26 Hand Cart
36:35 Imperial Age
34:09 Bodkin Arrow
35:19 Yasama
35:32 Padded Archer Armor
35:33 Treadmill Crane
36:14 Ballistics
36:06 Masonry
35:51 Murder Holes
36:37 Iron Casting
37:05 Chain Mail Armor
37:06 Leather Archer Armor
37:34 Coinage
38:19 Two-Man Saw
37:48 Conscription
38:05 Hoardings
39:37 Kataparuto
38:40 Elite Samurai
41:27 Chemistry
40:38 Fortified Wall
40:31 Bracer
41:32 Blast Furnace
41:03 Ring Archer Armor
41:04 Plate Mail Armor
43:59 Siege Engineers
44:04 Scale Barding Armor
45:41 Sanctity
46:56 Town Patrol
53:02 Banking
diomidismav
0:27 Loom
14:04 Feudal Age
14:41 Double-Bit Axe
15:35 Wheelbarrow
15:15 Horse Collar
22:43 Castle Age
24:07 Bow Saw
24:59 Hand Cart
25:53 Heavy Plow
33:51 Imperial Age
33:51 Padded Archer Armor
33:44 Fletching
34:07 Wagenburg Tactics
35:10 Chemistry
34:31 Ballistics
35:46 Two-Man Saw
35:07 Elite Hussite Wagon
36:53 Houfnice
Jusep Pedrerol
0:28 Loom
16:12 Feudal Age
16:59 Double-Bit Axe
16:58 Horse Collar
17:59 Man-at-Arms
18:25 Arson
18:44 Gold Mining
21:15 Long Swordsman
24:51 Wheelbarrow
27:43 Castle Age
25:57 Stone Mining
27:05 Forging
27:16 Scale Mail Armor
28:50 Heavy Plow
29:05 Bow Saw
29:14 Hand Cart
28:55 Gambesons
30:58 Gold Shaft Mining
31:14 Iron Casting
30:53 Masonry
31:51 Squires
36:42 Imperial Age
33:59 Town Watch
34:59 Fortified Wall
35:09 Chain Mail Armor
34:38 Two-Handed Swordsman
36:46 Fletching
36:56 Murder Holes
37:22 Ballistics
36:27 Champion
37:34 Fereters
38:51 Blast Furnace
39:28 Conscription
40:16 Chemistry
40:57 Hoardings
42:32 Plate Mail Armor
41:59 Bodkin Arrow
42:10 Town Patrol
41:43 Capped Ram
42:50 Siege Ram
34542180
11:53 Feudal Age
10:08 Loom
13:16 Double-Bit Axe
17:16 Horse Collar
22:38 Castle Age
24:09 Caravan
26:57 Fishing Lines
27:41 Gillnets
29:36 Bow Saw
34:10 Imperial Age
32:51 Forging
32:42 Scale Mail Armor
35:08 Wheelbarrow
34:43 Scale Barding Armor
35:16 Iron Casting
34:56 Chain Mail Armor
35:15 Capped Ram
36:06 Heavy Plow
36:01 Stone Mining
36:03 Gold Mining
36:59 Conscription
36:02 Elite Woad Raider
36:56 Furor Celtica
36:17 Elite Woad Raider
37:13 Furor Celtica
38:28 Siege Ram
40:45 Blast Furnace
41:09 Plate Mail Armor
44:30 Chemistry
44:58 Heavy Scorpion
ayon
0:32 Loom
11:49 Feudal Age
12:46 Double-Bit Axe
Ebrio
0:44 Loom
12:34 Feudal Age
13:52 Double-Bit Axe
13:50 Horse Collar
17:41 Castle Age
18:42 Wheelbarrow
18:39 Bow Saw
18:32 Heavy Plow
27:03 Gold Mining
31:06 Imperial Age
30:30 Gold Shaft Mining
29:47 Stone Mining
30:06 Scale Barding Armor
30:11 Forging
30:59 Hand Cart
31:44 Stone Shaft Mining
31:22 Bloodlines
31:44 Husbandry
31:51 Cavalier
32:39 Town Watch
33:17 Chain Barding Armor
33:33 Iron Casting
33:49 Savar
35:24 Caravan
36:01 Plate Barding Armor
38:42 Blast Furnace
38:48 Kamandaran
39:11 Conscription
39:07 Fletching
39:18 Padded Archer Armor
Connection lost

Rejoining the realm…

Still unreachable

The connection could not be restored.

Session expired

The server has moved on; the page needs a fresh start.